 Dungeon Crawl Stone Soup version 0.30-a0-121-gb27577e5d9 (webtiles) character file.

Game seed: 2423530543953619823

8138 MisterAzrael the Martial Artist (level 11, -8/106 HPs)
             Began as a Djinni Transmuter on Sept 14, 2022.
             Was a Priest of Makhleb.
             Mangled by an ogre
             ... wielding a +0 giant spiked club
             ... led by an orc warlord
              (10 damage)
             ... on level 1 of the Orcish Mines on Sept 15, 2022.
             The game lasted 00:22:43 (12592 turns).

MisterAzrael the Martial Artist (DjTm)             Turns: 12592, Time: 00:22:43

Health: -8/106     AC: 13    Str: 14    XL:     11   Next: 50%
Gold:   563        EV: 10    Int: 24    God:    Makhleb [***...] SH:  0 Dex: 12

rFire   x . .      SeeInvis +      - Unarmed
rCold   + + +      Faith    +    (shield currently unavailable)
rNeg    . . .      Spirit   .    (body armour currently unavailable)
rPois   ∞          Reflect  .    (helmet currently unavailable)
rElec   .          Harm     .    (cloak currently unavailable)
rCorr   .          Rampage  .    (gloves currently unavailable)
Will    +....                    (boots unavailable)
Stlth   +.........               I - amulet of faith
HPRegen 0.27/turn                c - +4 ring of protection
MPRegen 0.00/turn                E - +6 ring of strength

@: ice-form, flying
A: freezing attack, flying, boosted hp, sickness immunity, large, (fire
resistance 2), (cold vulnerability 1), float, innate caster, HP casting, extra
vitality 1, see invisible, clever 1, (deformed body), robust 1
a: End Transformation, Renounce Religion, Minor Destruction, Lesser Servant of
Makhleb


You were on level 1 of the Orcish Mines.
You worshipped Makhleb.
Makhleb was most pleased with you.
You were a creature of crystalline ice.
You visited 3 branches of the dungeon, and saw 11 of its levels.
You also visited: Sewer.

You collected 710 gold pieces.
You spent 147 gold pieces at shops.

Inventory:

Missiles
 C - a throwing net
Armour
 a - a +0 robe (melded)
 g - a +2 hat (melded)
 H - the +1 leather armour of the Chupacabra {*Corrode rPois rN+ SInv}
   (You bought it in a shop on level 6 of the Dungeon)

   rPois:     It protects you from poison.
   rN:        It protects you from negative energy.
   SInv:      It lets you see invisible.
   *Corrode:  It may corrode you when you take damage.
Jewellery
 c - a +4 ring of protection (left front paw)
 j - a ring of positive energy
 t - a +4 ring of evasion
 D - a ring of positive energy
 E - a +6 ring of strength (right front paw)
 I - an amulet of faith (around neck)
 J - a ring of resist corrosion
Wands
 y - a wand of mindburst (8)
 A - a wand of paralysis (13)
 L - a wand of flame (10)
Scrolls
 d - 4 scrolls of teleportation
 i - 9 scrolls of identify {unknown}
 k - 2 scrolls of enchant armour {unknown}
 l - a scroll of amnesia {unknown}
 o - 3 scrolls of enchant weapon {unknown}
 p - 2 scrolls of fear {unknown}
 q - a scroll of blinking {unknown}
 u - 2 scrolls of acquirement {unknown}
 B - a scroll of butterflies {unknown}
 K - a scroll of immolation {unknown}
 M - a scroll of poison {unknown}
Potions
 b - 3 potions of lignification
 f - a potion of haste {unknown}
 h - 2 potions of brilliance
 m - 2 potions of mutation
 n - a potion of ambrosia {unknown}
 r - 2 potions of curing
 s - a potion of flight {unknown}
 v - a potion of experience {unknown}
 w - a potion of cancellation
 x - a potion of resistance
 z - 4 potions of might {unknown}
 F - 2 potions of attraction {unknown}
 G - 2 potions of degeneration {unknown}


   Skills:
 + Level 7.8 Fighting
 - Level 2.1 Dodging
 * Level 10.8 Unarmed Combat
 - Level 6.7 Spellcasting
 + Level 7.3 Invocations


You couldn't memorise any spells.
You knew the following spells:

 Your Spells              Type           Power      Damage    Failure   Level
a - Beastly Appendage     Tmut           80%        N/A       1%          1
b - Wereblood             Tmut           40%        N/A       1%          2
c - Spider Form           Tmut/Pois      40%        N/A       1%          3
d - Ice Form              Ice/Tmut       40%        N/A       4%          4
e - Slow                  Hex            100%       N/A       1%          1
f - Blink                 Tloc           80%        N/A       1%          2
g - Teleport Other        Tloc           40%        N/A       1%          3
h - Ozocubu's Armour      Ice            40%        N/A       1%          3
i - Fulminant Prism       Conj/Hex       20%        3d13      4%          4
Your spell library was empty.

Dungeon Overview and Level Annotations

Branches:
Dungeon (9/15)             Temple (1/1) D:4             Orc (1/2) D:9
  Sewer (visited)
   Lair: D:8-11

Altars:
Ashenzari
Cheibriados
Dithmenos
Elyvilon
Fedhas
Gozag
Hepliaklqana
Makhleb
Nemelex Xobeh
Qazlal
Ru
Trog
Uskayaw
Wu Jian
Xom
Yredelemnul
Zin
The Shining One

Shops:
D:6 [   Orc:1 [

Portals:
Abyss: D:9

Annotations:
D:2 1 runed translucent door, Crazy Yiuf
D:9 2 transporters, gregwegmann's ghost, novice MiBe


Innate Abilities, Weirdness & Mutations

You are a creature of crystalline ice.
You have a powerful freezing melee attack.
You are flying.
Your maximum health is increased.
Your armour is entirely melded.
You are incapable of wielding weapons or throwing items.
You are immune to sickness and miasma.
You are immune to poison.
((Your flesh is very heat resistant. (rF++)))
((You are vulnerable to cold. (rC-)))
You float through the air rather than walking.
You learn spells naturally, not from books.
Your magical power is your life essence.
You have superior vitality. (+4 MHP)
You have supernaturally acute eyesight. (SInv)
Your mind is acute. (Int +4, Str/Dex -1)
((Armour fits poorly on your strangely shaped body.))
You are robust. (+10% HP)


Message History

Casting: Spider Form (safe; 1% risk of failure)
Confirm with . or Enter, or press ? or * to list all spells.
You turn into a creature of crystalline ice.
Your +2 hat melds into your body.
Your +0 robe melds into your body.
The orc warlord shouts!
* * * LOW HITPOINT WARNING * * *
The orc warlord roars a battlecry!
The orc warrior goes into a battle-frenzy!
You hear a shout!
The orc warrior shouts!
You hear a shout! x2
Things that are here:
a +0 club; an orc corpse The ogre shouts!
The orc warrior shouts!
The orc warrior shoots a bolt.
The bolt hits you!
* * * LOW HITPOINT WARNING * * *
The orc warrior shouts!
You hear a shout!
The orc warrior shoots a bolt.
The bolt hits you.
* * * LOW HITPOINT WARNING * * *
The orc warlord hits you with a +3 great sword of protection!
* * * LOW HITPOINT WARNING * * *
You hit the orc warlord but do no damage.
The orc warrior shoots a bolt.
The bolt closely misses you.
You hit the orc warlord. You freeze the orc warlord.
The orc warlord is lightly wounded.
The orc warlord roars a battlecry!
The orc warrior goes into a battle-frenzy!
The orc warrior shoots a bolt.
The bolt hits you.
* * * LOW HITPOINT WARNING * * *
You feel better.
The orc warlord hits you with a +3 great sword of protection.
* * * LOW HITPOINT WARNING * * *
You feel better.
The orc wizard gestures wildly while chanting.
The orc wizard flickers and vanishes for a moment.
The orc warlord hits you with a +3 great sword of protection!
* * * LOW HITPOINT WARNING * * *
The orc warlord attacks as you move away!
The orc warlord closely misses you. The ogre attacks as you move away!
The ogre hits you with a +0 giant spiked club!
You die...

...#...#.. .
.....#.#.....
#.....∩ ..#.
#.........#.#...
.........#...#.#
#..............###
#..............#.##
#...........ooY)..#
#.....#.##..oO.#.##
........o..o.#####
.#......##.####
..>.....#..##.##
........o......#
................#
...........#....##
...........o.....#


You could see an orc warlord, 3 orc warriors, an ogre, an orc wizard (strong,
invisible) and an orc (strong).

Vanquished Creatures
  Erica (D:8)
  Pikel (D:9)
  An orc sorcerer (Orc:1)
  4 trolls
  Grum (D:8)
  2 steam dragons
  A warg (Orc:1)
  A water moccasin (D:6)
  A sky beast (D:7)
  6 orc warriors
  2 ice beasts
  A black bear (D:7)
  2 ogres
  2 wolves (D:8)
  7 centaurs
  A phantom (D:4)
  2 lemures (D:9)
  2 bullfrogs
  4 kobold brigands (Sewer)
  A gnoll sergeant (D:9)
  5 scorpions
  A necrophage (D:4)
  10 wights
  14 killer bees
  4 centaur zombies (D:8)
  3 hounds
  2 jellies
  7 orc priests
  A gnoll bouda (D:8)
  10 orc wizards
  3 killer bee zombies (D:8)
  A howler monkey zombie (D:8)
  11 gnolls
  6 adders
  2 worms (D:3)
  2 dart slugs
  37 orcs
  10 bats
  8 endoplasms
  6 giant cockroaches
  4 goblins
  5 hobgoblins
  2 jackals
  22 kobolds
  3 quokkas
  10 ball pythons
  3 frilled lizards
  9 rats
244 creatures vanquished.

Vanquished Creatures (others)
  An orc sorcerer (Orc:1)
  An orc warrior (Orc:1)
  2 orcs
  5 fulminant prisms
  7 plants (Sewer)
16 creatures vanquished.

Grand Total: 260 creatures vanquished

Notes
Turn   | Place    | Note
-------+----------+-------------------------------------------
     0 | D:1      | MisterAzrael the Djinni Transmuter began the quest for the
                  | Orb.
     0 | D:1      | MisterAzrael set off with the following spells memorised:
                  | Beastly Appendage, Wereblood, Spider Form, Ice Form.
     0 | D:1      | Reached XP level 1. HP: 17/17 MP: 0/0
   476 | D:1      | Reached XP level 2. HP: 17/22 MP: 0/0
  1187 | D:1      | Reached XP level 3. HP: 22/27 MP: 0/0
  1187 | D:1      | Learned a level 1 spell: Slow
  1579 | D:1      | Reached skill level 4 in Unarmed Combat
  2014 | D:2      | Found a runed translucent door.
  2015 | D:2      | Noticed Crazy Yiuf
  2290 | D:2      | Reached XP level 4. HP: 23/32 MP: 0/0
  3563 | D:3      | Found a faded altar of an unknown god.
  3820 | D:3      | Found a glowing drain.
  3870 | Sewer    | Entered a sewer
  3889 | Sewer    | Noticed a kobold brigand
  3903 | Sewer    | Killed a kobold brigand
  3904 | Sewer    | Reached XP level 5. HP: 17/37 MP: 0/0
  3904 | Sewer    | Learned a level 2 spell: Blink
  4343 | Sewer    | Noticed a kobold brigand
  4343 | Sewer    | Noticed a kobold brigand
  4358 | Sewer    | Killed a kobold brigand
  4359 | Sewer    | Reached XP level 6. HP: 22/42 MP: 0/0
  4596 | Sewer    | Reached XP level 7. HP: 39/47 MP: 0/0
  4596 | Sewer    | Learned a level 3 spell: Teleport Other
  5158 | D:4      | Found a staircase to the Ecumenical Temple.
  5173 | Temple   | Entered the Ecumenical Temple
  5279 | D:4      | Reached skill level 5 in Spellcasting
  5756 | D:4      | Found a sacrificial altar of Ru.
  5765 | D:4      | Found a burning altar of Makhleb.
  5769 | D:4      | Became a worshipper of Makhleb the Destroyer
  5924 | D:4      | Reached XP level 8. HP: 35/55 MP: 0/0
  6153 | D:5      | Entered Level 5 of the Dungeon
  6172 | D:5      | Reached skill level 1 in Invocations
  6604 | D:5      | Reached skill level 5 in Unarmed Combat
  6680 | D:5      | Noticed a +0 dagger
  6681 | D:5      | Noticed a +0 hand axe
  6687 | D:5      | Found a hide-covered altar of Uskayaw.
  6703 | D:5      | Found a bloodstained altar of Trog.
  7531 | D:6      | Reached XP level 9. HP: 17/62 MP: 0/0
  7531 | D:6      | Learned a level 3 spell: Ozocubu's Armour
  8130 | D:6      | Found Laeck's Antique Armour Shoppe.
  8135 | D:6      | Bought a crude leather armour for 147 gold pieces
  8135 | D:6      | Identified the +1 leather armour of the Chupacabra
                  | {*Corrode rPois rN+ SInv} (You bought it in a shop on level
                  | 6 of the Dungeon)
  8631 | D:7      | Reached * piety under Makhleb
  8769 | D:7      | Reached skill level 6 in Unarmed Combat
  9043 | D:7      | Gained mutation: Armour fits poorly on your strangely
                  | shaped body. [potion of mutation]
  9043 | D:7      | Gained mutation: You are robust. (+10% HP) [potion of
                  | mutation]
  9043 | D:7      | Gained mutation: Your mind is acute. (Int +4, Str/Dex -1)
                  | [potion of mutation]
  9043 | D:7      | Gained mutation: You have supernaturally acute eyesight.
                  | (SInv) [potion of mutation]
  9063 | D:7      | Reached skill level 5 in Fighting
  9370 | D:8      | Reached skill level 7 in Unarmed Combat
  9379 | D:8      | Reached XP level 10. HP: 77/77 MP: 0/0
  9387 | D:8      | Noticed Grum
  9400 | D:8      | Killed Grum
  9407 | D:8      | Reached skill level 5 in Invocations
  9605 | D:8      | Found a glowing silver altar of Zin.
  9614 | D:8      | Reached skill level 8 in Unarmed Combat
  9691 | D:8      | Noticed Erica
  9702 | D:8      | Killed Erica
  9826 | D:8      | Reached ** piety under Makhleb
 10067 | D:8      | Found a basalt altar of Yredelemnul.
 10071 | D:8      | Reached skill level 9 in Unarmed Combat
 10535 | D:9      | Found a transporter.
 10868 | D:9      | Reached *** piety under Makhleb
 10981 | D:9      | Noticed a toenail golem
 11030 | D:9      | Reached XP level 11. HP: 85/85 MP: 0/0
 11030 | D:9      | Learned a level 4 spell: Fulminant Prism
 11045 | D:9      | Noticed Pikel
 11066 | D:9      | Killed Pikel
 11452 | D:9      | Reached skill level 10 in Unarmed Combat
 11679 | D:9      | Noticed a purple ugly thing
 11697 | D:9      | Found a transporter.
 11697 | D:9      | Found a one-way gate to the infinite horrors of the Abyss.
 11697 | D:9      | Noticed gregwegmann's ghost (novice MiBe)
 11763 | D:9      | Found a staircase to the Orcish Mines.
 11768 | Orc:1    | Entered Level 1 of the Orcish Mines
 11812 | Orc:1    | Found a shimmering altar of Xom.
 11896 | Orc:1    | Noticed an orc sorcerer
 11924 | Orc:1    | HP: 1/100 [orc sorcerer/bolt of fire (22)]
 11937 | Orc:1    | Killed an orc sorcerer
 12252 | Orc:1    | Noticed an orc sorcerer
 12261 | Orc:1    | Killed an orc sorcerer
 12441 | Orc:1    | Noticed an orc warlord
 12489 | Orc:1    | HP: 1/88 [troll (5)]
 12489 | Orc:1    | Found Heplef's Antique Armour Boutique.
 12588 | Orc:1    | HP: 5/106 [orc warrior/bolt[an orc warlord] (5)]
 12590 | Orc:1    | HP: 2/106 [orc warlord/+3 great sword of protection (17)]
 12592 | Orc:1    | Mangled by an ogre

Illustrated notes

Levels and vault maps discovered:
D:1:      eino_arrival_cavern_a, layout_basic, chequers_decorated_corner
D:2:      layout_basic, uniq_crazy_yiuf_cottage
D:3:      layout_basic, nicolae_ecumenical_oubliette,
          cheibrodos_sewer_entry_drain
D:4:      layout_cave_pools, mainiacjoe_overflow_swirl,
          minmay_temple_entry_mist, serial_column_ruins,
          column_ruins_square_small, column_ruins_corridor_water,
          column_ruins_columns_dead_end, column_ruins_open_tiny,
          column_ruins_grid_2, column_ruins_grid_1, column_ruins_open_small
D:5:      layout_basic, dancing_weapons_uskayaw, trog_book
D:6:      layout_rooms, serial_shops, nicolae_shop_hallway_stairs,
          hangedman_abyss_or_decor_passed
D:7:      layout_rooms
D:8:      layout_loops_ring, nicolae_yredelemnul_corpse_copse,
          gammafunk_temple_overflow_statue, uniq_grum, uniq_erica
D:9:      layout_basic, hiddenorc1_lemuel, gammafunk_ghost_abyssal_escape,
          uniq_pikel
Temple:   nicolae_temple_god_jail
Orc:1:    layout_caves, basic_altar, serial_shops,
          nicolae_shop_advertising_works [nicolae_subvault_shop_adworks],
          mines1_david

Skill      XL: |  1  2  3  4  5  6  7  8  9 10 11 |
---------------+----------------------------------+-----
Unarmed Combat | 4 5 7 9 10 | 10.8
Spellcasting   | 2 3 4 5 6 |  6.7
Fighting       | 2 3 5 6 7 |  7.8
Invocations    | 2 4 6 7 |  7.3
Dodging        | |  2.1

Action                   |  1- 3 |  4- 6 |  7- 9 | 10-12 || total
-------------------------+-------+-------+-------+-------++-------
Melee: Unarmed           |   108 |    97 |   263 |   200 ||   668
       Headbutt          |    11 |       |       |       ||    11
       Punch             |     1 |     1 |       |       ||     2
 Cast: Beastly Appendage |    25 |       |       |       ||    25
       Wereblood         |     1 |       |     1 |     9 ||    11
       Spider Form       |     5 |    20 |    36 |    12 ||    73
       Ice Form          |       |       |     4 |    15 ||    19
       Teleport Other    |       |       |     2 |     3 ||     5
       Blink             |       |       |     2 |     1 ||     3
       Ozocubu's Armour  |       |       |     1 |     4 ||     5
       Fulminant Prism   |       |       |       |     5 ||     5
       Slow              |       |       |       |     2 ||     2
Invok: Lesser Servant of |       |       |       |     2 ||     2
  Use: Scroll            |       |     1 |       |     2 ||     3
       Potion            |       |       |     7 |    10 ||    17
 Stab: Sleeping          |     1 |     3 |     1 |       ||     5
       Distracted        |       |     1 |       |       ||     1
Armor: Robe              |    21 |     5 |     7 |     3 ||    36
       Skin              |     2 |     5 |    70 |   108 ||   185
Dodge: Dodged            |    70 |   112 |   340 |   177 ||   699

Table legend: (Time is in decaauts)
 A = Elapsed time spent in this place.
 B = Non-inter-level travel time spent in this place.
 C = Inter-level travel time spent in this place.
 D = Time resting spent in this place.
 E = Time spent auto-exploring this place.
 F = Levels seen in this place.
 G = Mean time per level.
                   A        B        C        D        E       F      G
               +--------+--------+--------+--------+--------+-----+--------+
         Total |  12502 |  12254 |    248 |   2378 |   7767 |  12 | 1041.8 |
       Dungeon |  10899 |  10651 |    248 |   1777 |   7231 |   9 | 1211.0 |
        Temple |     73 |     73 |      0 |      0 |     30 |   1 |   73.0 |
  Orcish Mines |    801 |    801 |      0 |    369 |    157 |   1 |  801.0 |
         Sewer |    728 |    728 |      0 |    232 |    349 |   1 |  728.0 |
               +--------+--------+--------+--------+--------+-----+--------+

Top non-repeatable levels by time:
     D:1: 1857 daAuts
     D:2: 1421 daAuts
     D:6: 1317 daAuts
     D:9: 1224 daAuts
     D:8: 1156 daAuts
     D:4: 1096 daAuts
     D:5: 960 daAuts
     D:3: 953 daAuts
     D:7: 911 daAuts
   Orc:1: 801 daAuts
   Sewer: 728 daAuts
  Temple: 73 daAuts
